 Dungeon Crawl Stone Soup version 0.22-a0-303-g4a852b3 (webtiles) character file.

355 Amnesiac the Digger (level 6, 0/44 HPs)
             Began as a Demonspawn Earth Elementalist on Mar 27, 2018.
             Succumbed to a scorpion's poison
             ... on level 4 of the Dungeon.
             The game lasted 00:10:53 (4119 turns).

Amnesiac the Digger (Demonspawn Earth Elementalist) Turns: 4119, Time: 00:10:54

Health: 0/44       AC: 13    Str: 13    XL:     6   Next: 36%
Magic:  2/9        EV: 12    Int: 23    God:
Gold:   235        SH:  0    Dex: 18    Spells: 4/11 levels left

rFire    . . .     SeeInvis .   i - +0 dagger
rCold    . . .     Gourm    .   (no shield)
rNeg     . . .     Faith    .   c - +0 robe
rPois    .         Spirit   .   (helmet restricted)
rElec    .         Reflect  .   g - +1 cloak
rCorr    .         Harm     .   (no gloves)
MR       .....                  w - +0 pair of boots
Stlth    ++........             (no amulet)
HPRegen  0.14/turn              j - +4 ring of dexterity
MPRegen  0.11/turn              b - +4 ring of protection

@: mighty, brilliant, lethally poisoned (0 -> -7), very slightly contaminated
A: antennae 1, iridescent scales 2, low mp 1, rot immunity
a: no special abilities


You were on level 4 of the Dungeon.
You were not hungry.

You visited 2 branches of the dungeon, and saw 5 of its levels.

You collected 235 gold pieces.

Inventory:

Hand Weapons
 i - a +0 dagger (weapon)
Missiles
 a - 19 poisoned needles
Armour
 c - a +0 robe (worn)
 e - a +0 buckler
 g - a +1 cloak (worn)
 w - a +0 pair of boots (worn)
Jewellery
 b - a +4 ring of protection (right hand)
 j - a +4 ring of dexterity (left hand)
 n - an uncursed ring of protection from cold {unknown}
Scrolls
 f - 2 scrolls of amnesia {!r}
 h - 2 scrolls of magic mapping {!r}
 l - a scroll of enchant armour {!r}
Comestibles
 d - 5 rations


   Skills:
 + Level 2.1 Fighting
 - Level 2.3 Short Blades
 - Level 1.7 Dodging
 - Level 2.0 Stealth
 - Level 3.3 Spellcasting
 - Level 1.1 Transmutations
 - Level 4.5 Earth Magic


You had 4 spell levels left.
You knew the following spells:

 Your Spells              Type           Power        Failure   Level  Hunger
a - Sandblast             Erth           #####.       1%          1    None
b - Passwall              Tmut/Erth      ####......   1%          2    ##.....
e - Petrify               Tmut/Erth      ####....     4%          4    ####...


Dungeon Overview and Level Annotations

Branches:
Dungeon (4/15)             Temple (1/1) D:4

Altars:
Ashenzari
Cheibriados
Elyvilon
Gozag
Hepliaklqana
Kikubaaqudgha
Makhleb
Nemelex Xobeh
Ru
Trog
Vehumet
Wu Jian
Xom
Yredelemnul
The Shining One


Innate Abilities, Weirdness & Mutations

You are mostly covered in iridescent scales. (AC +4)
You are immune to rotting.
You have a pair of small antennae on your head.
Your magical capacity is low. (-10% MP)


Message History

The adder closely misses you.
You hit the adder.
You kill the adder!
You have reached level 6!
Your experience leads to an increase in your attributes!
Your base attributes are Str 8, Int 17, Dex 14.
Increase (S)trength, (I)ntelligence, or (D)exterity?
You feel clever.
Your demonic ancestry asserts itself...
Iridescent scales spread over more of your body.
You feel sick. The scorpion closely misses you.
The howler monkey hoots and howls with incredible vigour!
Really quaff
q - a sapphire potion {!q}?
It was a potion of might {!q}.
You feel very mighty all of a sudden.
You feel sick. The scorpion stings you.
* * * LOW HITPOINT WARNING * * *
The howler monkey closely misses you.
You puncture the howler monkey!
The howler monkey is heavily wounded.
* * * LOW HITPOINT WARNING * * *
You feel sick. The scorpion closely misses you. The howler monkey misses you.
You hit the howler monkey.
The howler monkey is almost dead.
* * * LOW HITPOINT WARNING * * *
You feel sick. The scorpion closely misses you.
You hit the howler monkey.
You kill the howler monkey!
Your Fighting skill increases to level 1!
* * * LOW HITPOINT WARNING * * *
You feel sick. The scorpion barely misses you.
Really quaff
k - a ruby potion {!q}?
It was a potion of brilliance {!q}.
You feel clever all of a sudden.
* * * LOW HITPOINT WARNING * * *
You feel sick. The scorpion stings you.
* * * LOW HITPOINT WARNING * * *
You hit the scorpion.
The scorpion is moderately wounded.
* * * LOW HITPOINT WARNING * * *
You feel sick.
The scorpion stings you but does no damage.
You puncture the scorpion!
The scorpion is severely wounded.
* * * LOW HITPOINT WARNING * * *
You feel sick. The scorpion closely misses you.
You closely miss the scorpion.
The scorpion is severely wounded.
* * * LOW HITPOINT WARNING * * *
You feel sick.
The scorpion stings you but does no damage.
* * * LOW HITPOINT WARNING * * *
You feel sick.
The orc wizard shouts!
The orc shouts!
You hear a shout! x2
An orc wizard comes into view. It is wielding a dagger.
You see here a howler monkey corpse.
You hit the orc.
The orc is heavily wounded.
The orc wizard mumbles some strange words.
The orc wizard seems to speed up.
The orc closely misses you.
An adder comes into view.
You puncture the scorpion!
You kill the scorpion!
Your Fighting skill increases to level 2!
You die...

#.........#
###.........###
####'####...............
#≈≈≈o≈≈≈# #.........#
≈≈..o≈≈# #.<.......#
♣..≈####.........#
♣..o.##.........#
♣..≈#.######.#>###
≈≈...≈≈#.o@†o.S.#.#
#≈≈≈.≈≈≈#.########.#
####+####.# #...[#
########...# #.# #.####
...........###.# #.#
########.......# #.#
###.####### #.#
#.......###.#
#######.....#


You could see 2 orc wizards, an adder and 3 orcs.

Vanquished Creatures
  A scorpion (D:4)
  A howler monkey (D:4)
  A hound (D:4)
  2 orc wizards (D:3)
  A worker ant (D:3)
  3 gnolls (D:3)
  5 adders
  A shadow imp (D:4)
  An adder zombie (D:3)
  2 adder skeletons (D:4)
  2 worms (D:2)
  A dart slug (D:1)
  3 leopard geckos
  7 orcs
  8 bats
  4 giant cockroaches
  5 goblins
  2 hobgoblins (D:1)
  A jackal (D:3)
  2 quokkas (D:3)
  3 frilled lizards
  5 kobolds
  A quokka skeleton (D:4)
  5 rats
67 creatures vanquished.

Notes
Turn   | Place    | Note
-------+----------+-------------------------------------------
     0 | D:1      | Amnesiac the Demonspawn Earth Elementalist began the quest for the Orb.
     0 | D:1      | Reached XP level 1. HP: 13/13 MP: 3/3
   180 | D:2      | Reached skill level 3 in Earth Magic
   180 | D:2      | Gained mutation: You are partially covered in iridescent scales. (AC +2) [demonic ancestry]
   180 | D:2      | Reached XP level 2. HP: 19/19 MP: 1/5
   190 | D:2      | Learned a level 2 spell: Passwall
   334 | D:3      | Reached XP level 3. HP: 11/24 MP: 0/6
   555 | D:3      | Found a sacrificial altar of Ru.
   770 | D:4      | Found a sparkling altar of Nemelex Xobeh.
   781 | D:4      | Reached skill level 4 in Earth Magic
   781 | D:4      | Reached XP level 4. HP: 27/30 MP: 6/8
   808 | D:4      | Learned a level 4 spell: Petrify
   892 | D:4      | Reached skill level 1 in Transmutations
  2375 | D:2      | Reached skill level 1 in Short Blades
  2781 | D:3      | Gained mutation: You are immune to rotting. [demonic ancestry]
  2781 | D:3      | Reached XP level 5. HP: 30/35 MP: 5/9
  3585 | D:4      | Found a staircase to the Ecumenical Temple.
  3597 | Temple   | Entered the Ecumenical Temple
  4094 | D:4      | Gained mutation: Your magical capacity is low. (-10% MP) [potion of mutation]
  4094 | D:4      | Gained mutation: You have a pair of small antennae on your head. [potion of mutation]
  4108 | D:4      | Gained mutation: You are mostly covered in iridescent scales. (AC +4) [demonic ancestry]
  4108 | D:4      | Reached XP level 6. HP: 20/41 MP: 1/9
  4112 | D:4      | Reached skill level 1 in Fighting
  4116 | D:4      | HP: 2/43 [poisoned by a scorpion]
  4119 | D:4      | Succumbed to a scorpion's poison

Vault maps used:
D:1:      lemuel_arrival_hallway, serial_forest, infiniplex_forest_lined_3_way,
          infiniplex_forest_corner_1, infiniplex_forest_end_3,
          infiniplex_forest_lined_1, infiniplex_forest_clump_medium,
          infiniplex_forest_straight_4, infiniplex_forest_lined_corner,
          minmay_misc_feat_four_crosses, minivault_11, hangedman_decor_points
D:2:      minmay_misc_feat_iff
D:3:      first_ration, minmay_crystal_water,
          nicolae_ru_great_annihilating_truth
D:4:      overflow_temple_1_default, minmay_temple_entry_poolview,
          kennysheep_generic_room_8
Temple:   oiseaux_autumnal_temple

Skill      XL: |  1  2  3  4  5  6 |
---------------+-------------------+-----
Earth Magic    | 3 4 |  4.5
Transmutations | 1 |  1.1
Spellcasting   | 3 |  3.3
Stealth        | 2 |  2.0
Short Blades   | 1 2 |  2.3
Fighting       | 2 |  2.1
Dodging        | |  1.7

Action                   |  1- 3 |  4- 6 || total
-------------------------+-------+-------++-------
Melee: Unarmed           |     2 |    67 ||    69
       Dagger            |       |   219 ||   219
 Cast: Sandblast         |    36 |    41 ||    77
       Petrify           |       |     1 ||     1
  Use: Potion            |     1 |     7 ||     8
       Scroll            |       |     6 ||     6
 Stab: Sleeping          |       |     7 ||     7
       Paralysed         |       |     1 ||     1
  Eat: Chunk             |       |     9 ||     9
       Ration            |       |     1 ||     1
Armor: Robe              |    16 |   126 ||   142
Dodge: Dodged            |    17 |   207 ||   224

Table legend:
 A = Spawn XP
 B = Non-spawn XP
 C = Spawn XP percentage of total XP
 D = Spawn monster count
 E = Non-spawn monster count
 F = Spawn count percentage of total count
 G = Total turns spent on level
                    A         B        C        D         E        F      G
               +---------+---------+-------+---------+---------+-------+---------
         Total |       0 |     508 |   0.0 |       0 |      67 |   0.0 |  4119
               +---------+---------+-------+---------+---------+-------+---------
           D:1 |       0 |      25 |   0.0 |       0 |      14 |   0.0 |  1096
           D:2 |       0 |      54 |   0.0 |       0 |      16 |   0.0 |   913
           D:3 |       0 |     200 |   0.0 |       0 |      24 |   0.0 |  1103
           D:4 |       0 |     229 |   0.0 |       0 |      13 |   0.0 |   710
               +---------+---------+-------+---------+---------+-------+---------
